 Dungeon Crawl Stone Soup version 0.29-a0-1027-gcd8c55af63 (webtiles) character file.

Game seed: 12080692817637454910

130 siradein the Trooper (level 5, 0/47 HPs)
             Began as a Hill Orc Fighter on Aug 13, 2022.
             Succumbed to an adder's poison
             ... on level 2 of the Dungeon.
             The game lasted 00:03:53 (1193 turns).

siradein the Trooper (Hill Orc Fighter)             Turns: 1193, Time: 00:03:53

Health: 0/47       AC:  9    Str: 21    XL:     5   Next: 13%
Magic:  5/5        EV:  7    Int:  8    God:
Gold:   22         SH:  4    Dex: 10    Spells: 4/4 levels left

rFire   . . .      SeeInvis .   a - +0 war axe
rCold   . . .      Faith    .   c - +0 buckler
rNeg    . . .      Spirit   .   g - +0 chain mail
rPois   .          Reflect  .   (no helmet)
rElec   .          Harm     .   (no cloak)
rCorr   +          Rampage  .   (no gloves)
Will    .....                   (no boots)
Stlth   ..........              (no amulet)
HPRegen 0.15/turn               l - ring of resist corrosion
MPRegen 0.09/turn               (no ring)

@: lethally poisoned (0 -> -4), hasted, very quick
A: no striking features
a: no special abilities


You were on level 2 of the Dungeon.
You visited 1 branch of the dungeon, and saw 2 of its levels.

You collected 22 gold pieces.

Inventory:

Hand Weapons
 a - a +0 war axe (weapon)
Missiles
 k - 4 boomerangs (quivered)
Armour
 c - a +0 buckler (worn)
 g - a +0 chain mail (worn)
Jewellery
 f - an amulet of faith
 l - a ring of resist corrosion (left hand)
Scrolls
 h - a scroll of blinking {unknown}
 i - a scroll of amnesia {unknown}
Potions
 b - a potion of curing {unknown}
 d - a potion of might


   Skills:
 + Level 4.5 Fighting
 + Level 4.1 Axes
 + Level 4.2 Armour
 + Level 4.2 Shields


You had 4 spell levels left.
You didn't know any spells.
Your spell library contained the following spells:

 Spells                   Type           Power      Damage    Failure   Level
 Magic Dart               Conj           0%         1d3       99%         1
 Call Imp                 Summ           0%         N/A       100%        2
 Ensorcelled Hibernation  Hex/Ice        0%         N/A       100%        2
 Passwall                 Tmut/Erth      0%         N/A       100%        2
 Mephitic Cloud           Conj/Pois/Air  0%         N/A       100%        3
 Ozocubu's Armour         Ice            0%         N/A       100%        3
 Swiftness                Air            0%         N/A       100%        3
 Ozocubu's Refrigeration  Ice            0%         4d7       100%        7


Dungeon Overview and Level Annotations

Branches:
Dungeon (2/15)

Altars:


Message History

The black bear barely misses you.
The black bear claws you but does no damage.
You barely miss the black bear.
The black bear is severely wounded.
The black bear bites you.
* * * LOW HITPOINT WARNING * * *
The black bear barely misses you.
The black bear claws you but does no damage.
The black bear barely misses you. The black bear completely misses you.
You block the black bear's attack.
You slash the black bear!
You kill the black bear!
The adder bites you but does no damage.
Your Axes skill increases to level 4!
Your Armour skill increases to level 4!
Your Shields skill increases to level 4!
You have reached level 4!
You have reached level 5!
You feel stronger.
You miss the adder.
The adder bites you but does no damage. x2
You slash the adder!
The adder is severely wounded.
The adder closely misses you. The adder bites you but does no damage.
You miss the adder.
The adder is severely wounded.
The adder bites you but does no damage.
You closely miss the adder.
The adder is severely wounded.
You block the adder's attack. The adder bites you.
* * * LOW HITPOINT WARNING * * *
You are lethally poisoned!
The adder poisons you!
A jackal comes into view.
Unknown command.
It was a potion of magic.
Magic courses through your body.
* * * LOW HITPOINT WARNING * * *
You feel sick.
The jackal barks!
The adder closely misses you.
It was a potion of haste.
You feel yourself speed up.
You die...

######### #.......#
#.......###########
#.......##.........
#.......##......########
##.......##......#=......
.........)......@S.......
##†......##.....#####...?
#.........h....# .
#######....##### #....#
####... ..... #..... ....


You could see an adder and a jackal.

Vanquished Creatures
  A black bear (D:2)
  An adder (D:2)
  A worm (D:2)
  A dart slug (D:1)
  A bat (D:1)
  A giant cockroach (D:2)
  A hobgoblin (D:1)
  2 kobolds
  3 quokkas
  2 ball pythons
  2 frilled lizards (D:1)
  5 goblins
  3 rats
24 creatures vanquished.

Notes
Turn   | Place    | Note
-------+----------+-------------------------------------------
     0 | D:1      | siradein the Hill Orc Fighter began the quest for the Orb.
     0 | D:1      | Reached XP level 1. HP: 19/19 MP: 1/1
   378 | D:1      | Reached XP level 2. HP: 27/27 MP: 2/2
  1053 | D:2      | Reached XP level 3. HP: 33/33 MP: 3/3
  1172 | D:2      | Noticed a black bear
  1187 | D:2      | Killed a black bear
  1188 | D:2      | Reached XP level 4. HP: 2/41 MP: 4/4
  1188 | D:2      | Reached XP level 5. HP: 3/47 MP: 5/5
  1191 | D:2      | HP: 2/47 [adder (1)]
  1193 | D:2      | Succumbed to an adder's poison

Illustrated notes

Levels and vault maps discovered:
D:1:      ncdulo_smallfort, layout_rooms, minivault_19, nicolae_hexahallways
D:2:      layout_basic, basic_altar, solitary_fountain, uniq_natasha

Skill      XL: |  1  2  3 |
---------------+----------+-----
Axes           | 3 4 |  4.1
Fighting       | 4 |  4.5
Armour         | 4 |  4.2
Shields        | 4 |  4.2

Action                   |  1- 3 |  4- 6 || total
-------------------------+-------+-------++-------
Melee: War axe           |    81 |     4 ||    85
  Use: Potion            |       |     2 ||     2
Armor: Chain mail        |    51 |     4 ||    55
       Scale mail        |     1 |       ||     1
Dodge: Dodged            |    32 |     2 ||    34
Block: Buckler           |    20 |     1 ||    21

Table legend: (Time is in decaauts)
 A = Elapsed time spent in this place.
 B = Non-inter-level travel time spent in this place.
 C = Inter-level travel time spent in this place.
 D = Time resting spent in this place.
 E = Time spent auto-exploring this place.
 F = Levels seen in this place.
 G = Mean time per level.
                   A        B        C        D        E       F      G
               +--------+--------+--------+--------+--------+-----+--------+
         Total |   1225 |   1160 |     65 |      0 |    928 |   2 |  612.5 |
       Dungeon |   1225 |   1160 |     65 |      0 |    928 |   2 |  612.5 |
               +--------+--------+--------+--------+--------+-----+--------+

Top non-repeatable levels by time:
     D:1: 971 daAuts
     D:2: 253 daAuts
